 Dungeon Crawl Stone Soup version 0.31-a0-659-gc5a091b79a (webtiles) character file.

Game seed: 10175480110702624581

39 GordonOverkill the Sneak (level 3, -2/24 HPs)
             Began as a Tengu Delver on Aug 31, 2023.
             Slain by a gnoll
             ... wielding a +0 flail
              (8 damage)
             ... on level 6 of the Dungeon.
             The game lasted 00:01:10 (116 turns).

GordonOverkill the Sneak (Tengu Delver)              Turns: 116, Time: 00:01:11

Health: -2/24      AC:  3    Str: 14    XL:     3   Next: 45%
Magic:  4/4        EV: 12    Int: 10    God:
Gold:   0          SH:  0    Dex: 15    Spells: 2/2 levels left

rFire   . . .        a - +0 spear
rCold   . . .        (no shield)
rNeg    . . .        b - +0 leather armour
rPois   .            (helmet restricted)
rElec   .            (no cloak)
rCorr   .            (no gloves)
SInv    .            (boots unavailable)
Will    .....        (no amulet)
Stlth   +++          (no ring)
HPRegen 0.24/turn    (no ring)
MPRegen 0.09/turn

%: no passive effects
@: hasted, very quick
A: beak, talons 3
a: no special abilities


You were on level 6 of the Dungeon.
You visited 1 branch of the dungeon, and saw 2 of its levels.

Inventory:

Hand Weapons
 a - a +0 spear (weapon)
Armour
 b - a +0 leather armour (worn)
 e - a +0 crystal plate armour
Wands
 g - a wand of digging (3)
Scrolls
 c - a scroll of fog


   Skills:
 + Level 4.0 Fighting
 - Level 3.0 Polearms
 - Level 2.1 Dodging
 - Level 5.0 Stealth


You had 2 spell levels left.
You didn't know any spells.
Your spell library was empty.

Dungeon Overview and Level Annotations

Branches:
Dungeon (6/15)             Temple (0/1) D:6

Altars:


Innate Abilities, Weirdness & Mutations

You have a beak for a mouth.
You have claws for feet.


Message History

You barely miss the hound. Your kick misses the hound.
The hound is severely wounded.
The gnoll shouts!
The howler monkey hoots and howls with incredible vigour!
A gnoll comes into view. It is wielding a +0 spear.
The hound closely misses you.
The gnoll shouts!
You hear an angry hiss.
You hear a shout! x4
You hit the hound. Your kick misses the hound. Your peck misses the hound.
The hound is severely wounded.
The hound closely misses you.
You hit the hound but do no damage. Your kick misses the hound.
The hound is severely wounded.
The hound barely misses you.
You hit the hound.
The hound is almost dead.
The hound bites you.
* * * LOW HITPOINT WARNING * * *
You hit the hound.
You kill the hound!
The gnoll barely misses you.
Training target 3.0 for Polearms reached!
Your Polearms skill increases to level 3!
You need to enable at least one skill for training.
You have reached level 2!
You have reached level 3!
Your experience leads to an increase in your attributes!
Increase (S)trength, (I)ntelligence, or (D)exterity?
You feel stronger. x2
You hit the gnoll. Your kick misses the gnoll.
The gnoll is moderately wounded.
The gnoll barely misses you.
You closely miss the gnoll. You claw the gnoll. Your peck misses the gnoll.
The gnoll is heavily wounded.
The howler monkey barely misses you. The gnoll barely misses you.
You hit the gnoll. You claw the gnoll.
You kill the gnoll!
Your Fighting skill increases to level 4!
The howler monkey hoots and howls with incredible vigour!
The gnoll barely misses you. The gnoll hits you with a +0 flail!
You die...

##### ###)..## ###.#.### *****
###..$..# *,,,, #####...## **,,,,
.....#...#### **,,,,,
.###........######## *,,,,,,
.......<....DSh.@gg#*** *,,,,,,
[####.#..#.#######....#****,,,,,,
.............###***##...,***,,,,,
.####...........,,,,,,*#,,,,,,,,,
####..##.).....#*,,**,,,,,,,,,,,,
###....#.....###**,***,,,,*,,,,,,
###.##.#.......#**,,,*,,,,**,,,,,
##..##..........,***,*,,*****^,,*
##.#####..###...,***,,,,,,*,,,,,,


You could see a steam dragon, a howler monkey (catching breath), 2 gnolls and an
adder.

Vanquished Creatures
  A hound (D:6)
  A gnoll (D:6)
2 creatures vanquished.

Notes
Turn   | Place    | Note
-------+----------+-------------------------------------------
     0 | D:5      | GordonOverkill the Tengu Delver began the quest for the
                  | Orb.
     0 | D:5      | Reached XP level 1. HP: 14/14 MP: 2/2
    37 | D:5      | Noticed an orc priest
    37 | D:5      | Noticed a scorpion
    61 | D:6      | Noticed a howler monkey
    73 | D:6      | Noticed a hound
    75 | D:6      | Noticed a steam dragon
   111 | D:6      | Killed a hound
   112 | D:6      | Reached XP level 2. HP: 4/20 MP: 3/3
   112 | D:6      | Reached XP level 3. HP: 5/24 MP: 4/4
   116 | D:6      | Slain by a gnoll

Illustrated notes

Levels and vault maps discovered:
D:5:      layout_rooms, old_standard_altar
D:6:      layout_rooms, minmay_temple_entry_gardened_gates, serial_shops, shop

Skill      XL: |  1  2  3 |
---------------+----------+-----
Polearms       | 3 |  3.0
Fighting       | 4 |  4.0
Dodging        | |  2.1
Stealth        | |  5.0

Action                     || total
---------------------------++-------
  Melee: Spear             ||    12
         Peck              ||     2
         Kick              ||     3
    Use: Scroll            ||     2
         Potion            ||     1
 Armour: Leather armour    ||     9
  Dodge: Dodged            ||    14

Table legend: (Time is in decaauts)
 A = Elapsed time spent in this place.
 B = Non-inter-level travel time spent in this place.
 C = Inter-level travel time spent in this place.
 D = Time resting spent in this place.
 E = Time spent auto-exploring this place.
 F = Levels seen in this place.
 G = Mean time per level.
                   A        B        C        D        E       F      G
               +--------+--------+--------+--------+--------+-----+--------+
         Total |    107 |    107 |      0 |      0 |      0 |   2 |   53.5 |
       Dungeon |    107 |    107 |      0 |      0 |      0 |   2 |   53.5 |
               +--------+--------+--------+--------+--------+-----+--------+

Top non-repeatable levels by time:
     D:5: 55 daAuts
     D:6: 52 daAuts
